 Dungeon Crawl Stone Soup version 0.31.0-10-gcf4a605ca0 (webtiles) character file.

Game seed: 5567280015166385162

340278 CrypticCrinoid the Executioner (level 21, 0/322 HPs)
             Began as a Minotaur Berserker on Jan 24, 2024.
             Was the Champion of Trog.
             Slain by an azure jelly (3 damage)
             ... created by the Royal Jelly
             ... on level 5 of the Pits of Slime on Jan 25, 2024.
             The game lasted 01:49:30 (34292 turns).

CrypticCrinoid the Executioner (MiBe)              Turns: 34292, Time: 01:49:31

Health: 0/322      AC: 14    Str: 29    XL:     21   Next: 6%
Magic:  0/20       EV: 13    Int:  4    God:    Trog [******]
Gold:   2932       SH: 30    Dex: 14    Spells: 20/20 levels left

rFire   . . .        J - +8 mithril axe "Arga" {speed, Will+}
rCold   + . .        A - +0 tower shield
rNeg    . . .        t - +3 crystal plate armour {rC+}
rPois   +            W - +2 hat {Will+}
rElec   .            T - +2 cloak {Will+}
rCorr   .            P - +2 pair of gloves
SInv    .            h - +2 pair of boots
Will    ++++.        q - brooch of Shielding {Spirit SH+8} Stlth
                     Q - ring of Sophism {rPois Slay+4}
HPRegen 0.73/turn    X - +5 ring of evasion
MPRegen 0.17/turn

%: guardian spirit
@: berserking (expiring), corroded, very quick
A: horns 2, retaliatory headbutt
}: 2/15 runes: decaying, serpentine
a: Renounce Religion, Berserk, Trog's Hand, Brothers in Arms


You were on level 5 of the Pits of Slime.
You worshipped Trog.
Trog was exalted by your worship.
You visited 7 branches of the dungeon, and saw 38 of its levels.
You also visited: Gauntlet, Ice Cave and Volcano.

You collected 3810 gold pieces.
You spent 878 gold pieces at shops.

Inventory:

Hand Weapons
 J - the +8 mithril axe "Arga" (weapon) {speed, Will+}
   (Trog gifted it to you on level 4 of the Snake Pit)

   Will+:     It increases your willpower.
 M - a +3 broad axe of protection
 U - a +8 broad axe of flaming
Armour
 h - a +2 pair of boots (worn)
 t - a +3 crystal plate armour of cold resistance (worn)
 A - a +0 tower shield (worn)
 P - a +2 pair of gloves (worn)
 T - a +2 cloak of willpower (worn)
 W - a +2 hat of willpower (worn)
Jewellery
 p - a +6 ring of strength
 q - the brooch of Shielding (around neck) {Spirit SH+8}
   (You found it on level 3 of the Elven Halls)

   [amulet of guardian spirit]

   Spirit:    It causes incoming damage to be divided between your reserves of
   health and magic.
   SH+8:      It affects your SH (+8).
 C - the amulet "Post" {rC+ Regen+ Dex+5}
   (You acquired it on level 11 of the Dungeon)

   [amulet of regeneration]

   Dex+5:     It affects your dexterity (+5).
   rC+:       It protects you from cold.
   Regen+:    It increases your rate of health regeneration.
 Q - the ring of Sophism (left hand) {rPois Slay+4}
   (You acquired it in a Gauntlet)

   [ring of slaying]

   Slay+4:    It affects your accuracy & damage with ranged weapons and melee
   (+4).
   rPois:     It protects you from poison
 S - a ring of see invisible
 X - a +5 ring of evasion (right hand)
Wands
 a - a wand of roots (30)
 g - a wand of flame (113)
 n - a wand of charming (7)
 x - a wand of polymorph (16)
 y - a wand of acid (32)
 E - a wand of mindburst (26)
Scrolls
 b - 12 scrolls of blinking
 d - 12 scrolls of teleportation
 e - 5 scrolls of poison
 i - a scroll of enchant armour
 m - a scroll of silence
 o - 2 scrolls of revelation
 r - 15 scrolls of identify
 v - 3 scrolls of immolation
 w - 3 scrolls of butterflies {unknown}
 D - 3 scrolls of enchant weapon
 L - 4 scrolls of fog
 Y - 4 scrolls of fear
Potions
 f - 7 potions of resistance
 j - 7 potions of curing
 k - 7 potions of haste
 l - 4 potions of attraction
 s - 7 potions of cancellation
 u - 6 potions of invisibility
 z - 7 potions of enlightenment
 H - 8 potions of lignification
 N - 3 potions of magic
 O - 2 potions of ambrosia
 R - 6 potions of might
 V - 3 potions of heal wounds
Miscellaneous
 c - a box of beasts


   Skills:
 * Level 24.6 Fighting
 * Level 25.0 Axes
 + Level 18.4 Armour
 + Level 4.2 Dodging
 * Level 21.6 Shields


You had 20 spell levels left.
You didn't know any spells.
Your spell library was empty.

Dungeon Overview and Level Annotations

Branches:
Dungeon (15/15)            Temple (0/1) D:6            Lair (5/5) D:11
  Swamp (4/4) Lair:3        Snake (4/4) Lair:3        Slime (5/5) Lair:4
    Orc (2/2) D:11            Elf (3/3) Orc:2        Vaults (0/5) D:14
 Depths (0/4) D:15          IceCv (visited)         Volcano (visited)
Gauntlet (visited)

Altars:
Ashenzari
Cheibriados
Elyvilon
Fedhas
Gozag
Hepliaklqana
Nemelex Xobeh
Wu Jian
Xom
The Shining One
Jiyva

Shops:
D:1 ?   D:4 !   D:5 *   D:11 (   Orc:2 ?(!(   Elf:3 [   Snake:2 ((

Portals:
Trove: D:11 (give +2 gold dragon scales)


Innate Abilities, Weirdness & Mutations

You have a pair of horns on your head.
You reflexively headbutt those who attack you in melee.


Message History

You feel the power of Trog in you as your rage grows.
You kill the azure jelly!
That felt strangely unrewarding.
* * * LOW HITPOINT WARNING * * *
Your lungs strain for air!
The acid blob spits acid at you. The splash of acid hits you!
* * * LOW HITPOINT WARNING * * *
The rockslime hits you.
* * * LOW HITPOINT WARNING * * *
You hold your ground!
You block the quicksilver ooze's attack. x2
You carve the quicksilver ooze like a ham!!!
You kill the quicksilver ooze!
That felt strangely unrewarding.
The ooze engulfing you falls away.
You gasp with relief as air once again reaches your lungs.
You slice the azure jelly!! You hit the azure jelly. You hit the acid blob.
The acid corrodes you!
Your hands burn!
* * * LOW HITPOINT WARNING * * *
You slice the rockslime!! You slash the acid blob!
Your hands burn!
* * * LOW HITPOINT WARNING * * *
Your headbutt misses the acid blob.
The acid blob is severely wounded.
You closely miss the azure jelly.
You hit the azure jelly but do no damage.
You slash the great orb of eyes! You hit the slime creature.
You hit the rockslime. The acid blob spits acid at you.
The splash of acid hits you!
* * * LOW HITPOINT WARNING * * *
The acid corrodes you! You block the rockslime's attack.
The azure jelly hits you.
* * * LOW HITPOINT WARNING * * *
The azure jelly freezes you! You resist.
* * * LOW HITPOINT WARNING * * *
You block the azure jelly's attack. x3
The azure jelly hits you but does no damage.
The azure jelly closely misses you. The azure jelly hits you.
You die...

............ #### .#
........... ##[$###.##=?
..........###=)(=#..#(?[
..........# "=)/(....$[φ
..........# $|?....../"
..........# #[.)...."./
.........#####..........
............#..JJJ......
..........#.....@G......
.........#####..JJ......
.........# #$.[....".$
.........## !)//......))
..........##?|[:)....)=)
..........###["/)#..#($)
...........###)?###.##$[
............##### .# ##
.............##


You could see an acid blob, 2 azure jellies, a great orb of eyes, a slime
creature and a rockslime.

Vanquished Creatures
  the Royal Jelly (Slime:5)
  the Lernaean hydra (Swamp:4)
  Vashnia (Snake:3)
  A deep elf blademaster (Elf:3)
  10 acid blobs
  The ghost of Ucayha the Blocker, an adept GrAl of Vehumet (Snake:2)
  Frances (D:14)
  A thorn hunter (Swamp:3)
  3 nagarajas (Snake:4)
  7 rockslimes
  6 azure jellies
  The ghost of Vudadgh the Warrior, an adept HuWr of Hepliaklqana (Swamp:3)
  The ghost of Jeffwins the Severer, a journeyman OnMo of Okawaru (Orc:1)
  2 fenstrider witches
  5 deep elf elementalists (Elf:3)
  11 deep elf sorcerers
  Louise (D:15)
  2 formless jellyfish (Slime:4)
  10 quicksilver oozes
  A reaper (IceCv)
  6 ghouls
  A deep elf demonologist (Elf:3)
  7 eleionomae
  4 deep elf death magi
  7 deep elf annihilators
  A minotaur (Gauntlet)
  4 bunyips
  3 dire elephants (Lair:5)
  Azrael (D:14)
  5 deep elf high priests (Elf:3)
  A great orb of eyes (Slime:4)
  5 vault guards (D:14)
  A rakshasa (D:13)
  A shambling mangrove (Swamp:1)
  18 hydras
  A salamander tyrant (Snake:3)
  Fannar (Lair:2)
  10 alligators
  Erica (Lair:2)
  29 dancing weapons
  9 anacondas
  5 ogre magi
  6 centaur warriors
  A tengu warrior (D:13)
  7 naga warriors
  3 boulder beetles
  An orc high priest (Elf:2)
  12 two-headed ogres
  13 naga sharpshooters
  A spectral dire elephant (Lair:5)
  5 death yaks
  A hell knight (Volcano)
  6 shock serpents
  21 deep elf knights
  A sixfirhy (Gauntlet)
  5 salamander mystics
  2 spectral death yaks (Lair:5)
  A spectral anaconda (Lair:5)
  11 sea snakes
  2 skysharks
  A spriggan druid (Swamp:2)
  7 goliath frogs
  11 mana vipers
  12 swamp dragons
  8 naga ritualists
  2 glowing orange brains
  An arcanist (D:14)
  5 bog bodies
  13 deep elf archers
  33 deep elf zephyrmancers
  An orc knight (Orc:2)
  An obsidian statue (Lair:5)
  38 deep elf pyromancers
  6 cyclopes
  2 orc sorcerers (Orc:2)
  3 necromancers (Lair:5)
  4 manticores
  2 oklob plants (Lair:4)
  2 moths of wrath (Orc:1)
  2 shining eyes
  12 ugly things
  4 will-o-the-wisps
  17 salamanders
  56 black mambas
  4 guardian serpents (Snake:4)
  A dire elephant zombie (Lair:5)
  2 ice statues (IceCv)
  A kobold blastminer (Orc:2)
  9 elephants
  2 torpor snails
  15 naga magi
  4 gargoyles
  8 cane toads
  An unseen horror (D:11)
  An anaconda simulacrum (IceCv)
  3 rime drakes
  4 efreet
  11 komodo dragons
  Jeremiah (D:9)
  5 yaktaurs
  A freezing wraith (D:14)
  5 ice devils (IceCv)
  A tengu conjurer (D:14)
  3 polar bears (Lair:3)
  12 trolls
  A bloated husk (Swamp:2)
  13 blink frogs
  10 tyrant leeches
  A raiju (Gauntlet)
  11 hornets
  19 dream sheep
  5 air elementals
  60 slime creatures
  2 wraiths
  6 water elementals
  A shadow (D:13)
  11 spriggans
  5 wyverns
  61 yaks
  A dire elephant simulacrum (IceCv)
  4 basilisks
  7 steam dragons
  2 humans (D:14)
  7 fire elementals
  3 death yak simulacra
  17 vampire mosquitoes
  2 spectral cane toads (Lair:5)
  8 wargs
  26 nagas
  3 acid dragons
  2 harpy simulacra
  16 swamp worms
  19 water moccasins
  5 hell hounds
  7 swamp drakes (Swamp:4)
  20 orc warriors
  An elephant zombie (Lair:5)
  An ice beast (D:3)
  3 black bears
  A sky beast (D:8)
  27 ogres
  A wolf (Lair:3)
  An elephant skeleton (Lair:5)
  15 centaurs
  A kobold brigand (D:10)
  Blork the orc (D:4)
  11 bullfrogs
  A necrophage (Swamp:4)
  3 cane toad simulacra
  2 gnoll sergeants
  2 scorpions
  2 two-headed ogre simulacra (IceCv)
  5 wights
  4 elephant simulacra
  9 killer bees (D:9)
  2 vampire bats (Lair:3)
  4 howler monkeys
  5 electric eels
  2 bombardier beetles
  6 hounds
  4 jellies
  17 orc priests
  A gnoll bouda (D:7)
  Crazy Yiuf (D:7)
  A sleepcap (D:6)
  Jessica (D:2)
  2 iguanas
  15 orc wizards
  4 polar bear simulacra
  A spriggan simulacrum (IceCv)
  2 troll simulacra (IceCv)
  12 gnolls
  9 adders
  4 naga simulacra (IceCv)
  3 shadow imps
  4 white imps
  10 ufetubi
  3 ribbon worms (D:3)
  4 dart slugs
  74 orcs
  12 bats
  6 endoplasms
  4 giant cockroaches
  2 goblins
  6 hobgoblins
  3 quokkas
  8 ball pythons
  3 frilled lizards
  10 kobolds
  8 rats
  A spectral weapon (Elf:1)
1324 creatures vanquished.

Vanquished Creatures (collateral kills)
  A deep elf knight (Elf:2)
  A deep elf pyromancer (Elf:2)
  A cane toad (Lair:4)
  A yak (Lair:4)
4 creatures vanquished.

Vanquished Creatures (others)
  A spriggan druid (Swamp:1)
  2 deep elf zephyrmancers (Elf:3)
  A salamander (Snake:4)
  A bloated husk (Swamp:1)
  A spriggan (Swamp:1)
  A human (D:14)
  20 foxfires
27 creatures vanquished.

Grand Total: 1355 creatures vanquished

Notes
Turn   | Place    | Note
-------+----------+-------------------------------------------
     0 | D:1      | CrypticCrinoid the Minotaur Berserker began the quest for
                  | the Orb.
     0 | D:1      | Reached XP level 1. HP: 19/19 MP: 0/0
   213 | D:1      | Reached XP level 2. HP: 27/27 MP: 1/1
   236 | D:1      | Reached skill level 4 in Axes
   422 | D:1      | Found Uxing's Magic Scroll Boutique.
   437 | D:1      | Bought a scroll of identify for 26 gold pieces
   573 | D:1      | Reached XP level 3. HP: 33/33 MP: 2/2
   692 | D:1      | Bought a scroll of teleportation for 39 gold pieces
   779 | D:2      | Noticed Jessica
   800 | D:2      | Killed Jessica
   801 | D:2      | Reached XP level 4. HP: 21/41 MP: 3/3
  1231 | D:2      | Reached ** piety under Trog
  1654 | D:3      | Found a white marble altar of Elyvilon.
  1785 | D:3      | Noticed an ice beast
  1794 | D:3      | Killed an ice beast
  1795 | D:3      | Reached skill level 5 in Fighting
  1795 | D:3      | Reached skill level 5 in Axes
  1795 | D:3      | Reached XP level 5. HP: 38/48 MP: 4/4
  2188 | D:3      | Found a glowing golden altar of the Shining One.
  2240 | D:3      | Reached skill level 6 in Axes
  2241 | D:3      | Reached XP level 6. HP: 53/56 MP: 5/5
  2742 | D:4      | Found Ybethrini's Distillery.
  2746 | D:4      | Bought a potion of heal wounds for 60 gold pieces
  2819 | D:4      | Noticed Blork the orc
  2823 | D:4      | Killed Blork the orc
  2824 | D:4      | Reached skill level 7 in Axes
  2973 | D:4      | Reached XP level 7. HP: 62/62 MP: 6/6
  3021 | D:5      | Entered Level 5 of the Dungeon
  3058 | D:5      | Found Tusyk's General Store.
  3068 | D:5      | Bought a +0 buckler for 63 gold pieces
  3133 | D:5      | Found a shimmering altar of Xom.
  3244 | D:5      | Found a sparkling altar of Nemelex Xobeh.
  3326 | D:5      | Reached skill level 1 in Shields
  3537 | D:6      | Noticed a steam dragon
  3546 | D:6      | Killed a steam dragon
  3547 | D:6      | Reached skill level 8 in Axes
  3894 | D:6      | Found a staircase to the Ecumenical Temple.
  4018 | D:6      | Reached XP level 8. HP: 71/71 MP: 7/7
  4354 | D:6      | Reached *** piety under Trog
  4355 | D:6      | Reached skill level 5 in Armour
  4358 | D:6      | Reached skill level 9 in Axes
  4682 | D:7      | You fall into a shaft and drop 2 floors!
  4784 | D:9      | Reached skill level 10 in Axes
  5058 | D:7      | Reached XP level 9. HP: 79/79 MP: 8/8
  5147 | D:7      | Noticed a troll
  5152 | D:7      | Killed a troll
  5398 | D:7      | Found a runed translucent door.
  5399 | D:7      | Noticed Crazy Yiuf
  5405 | D:7      | Killed Crazy Yiuf
  5681 | D:7      | Reached skill level 11 in Axes
  6376 | D:8      | Identified the +2 scale mail "Luvianept" {Rampage rF+}
  6796 | D:8      | Found a snail-covered altar of Cheibriados.
  7097 | D:9      | Noticed Jeremiah
  7108 | D:9      | Killed Jeremiah
  7160 | D:9      | Reached skill level 12 in Axes
  7160 | D:9      | Reached XP level 10. HP: 15/90 MP: 9/9
  7368 | D:9      | Reached **** piety under Trog
  7397 | D:9      | Found an ornate altar of the Wu Jian Council.
  7433 | D:9      | Found a broken altar of Ashenzari.
  7518 | D:9      | Reached skill level 5 in Shields
  7803 | D:9      | Found a blossoming altar of Fedhas.
  8086 | D:10     | Entered Level 10 of the Dungeon
  8086 | D:10     | Noticed a two-headed ogre
  8094 | D:10     | Killed a two-headed ogre
  8095 | D:10     | Reached skill level 13 in Axes
  8586 | D:10     | Reached skill level 10 in Fighting
  8890 | D:10     | Reached XP level 11. HP: 100/100 MP: 10/10
  9076 | D:10     | Reached skill level 10 in Armour
  9194 | D:11     | Found a staircase to the Orcish Mines.
  9195 | D:11     | Noticed a two-headed ogre
  9198 | D:11     | Found Iska Wed's Weapon Shoppe.
  9208 | D:11     | Killed a two-headed ogre
  9209 | D:11     | Reached skill level 14 in Axes
  9329 | D:11     | Found a staircase to the Lair.
  9550 | D:11     | Found a portal to a secret trove of treasure.
 10121 | D:11     | Identified a scroll of acquirement
 10123 | D:11     | Acquired the amulet "Post" {rC+ Regen+ Dex+5}
 10676 | D:4      | Bought a potion of curing for 36 gold pieces
 10676 | D:4      | Bought a potion of degeneration for 12 gold pieces
 10676 | D:4      | Bought a potion of lignification for 36 gold pieces
 10795 | D:1      | Bought a scroll of fog for 52 gold pieces
 10795 | D:1      | Bought a scroll of brand weapon for 123 gold pieces
 11049 | Lair:1   | Entered Level 1 of the Lair of Beasts
 11076 | Lair:1   | Noticed a boulder beetle
 11089 | Lair:1   | Killed a boulder beetle
 11146 | Lair:1   | Noticed a boulder beetle
 11157 | Lair:1   | Killed a boulder beetle
 11391 | Lair:1   | Reached skill level 15 in Axes
 11391 | Lair:1   | Identified the +11 falchion of Evolution {flame, rElec
                  | Will+ Str+5}
 11797 | Lair:1   | Reached XP level 12. HP: 96/112 MP: 11/11
 12098 | Lair:2   | Reached ***** piety under Trog
 12108 | Lair:2   | Noticed an eight-headed hydra
 12126 | Lair:2   | Killed a 12-headed hydra
 12127 | Lair:2   | Reached skill level 16 in Axes
 12199 | Lair:2   | Noticed Erica
 12208 | Lair:2   | Killed Erica
 12280 | Lair:2   | Found a dark tunnel.
 12289 | Volcano  | Entered a volcano
 12324 | Volcano  | Found a radiant altar of Vehumet.
 13122 | Lair:2   | Noticed Fannar
 13137 | Lair:2   | Killed Fannar
 13151 | Lair:2   | Noticed an eight-headed hydra
 13159 | Lair:2   | Killed a 13-headed hydra
 13366 | Lair:3   | Found a staircase to the Snake Pit.
 13444 | Lair:3   | Found a staircase to the Swamp.
 13444 | Lair:3   | Noticed a six-headed hydra
 13454 | Lair:3   | Killed a 12-headed hydra
 13455 | Lair:3   | Reached XP level 13. HP: 122/122 MP: 12/12
 13528 | Lair:3   | Found a gate leading to a gauntlet.
 13534 | Gauntlet | Entered a Gauntlet
 13534 | Gauntlet | Found a transporter.
 13534 | Gauntlet | Found a large runed translucent door.
 13534 | Gauntlet | Found a large runed translucent door.
 13534 | Gauntlet | Found a large runed translucent door.
 13534 | Gauntlet | Found a large runed translucent door.
 13534 | Gauntlet | Found a runed translucent door.
 13534 | Gauntlet | Found a runed translucent door.
 13534 | Gauntlet | Found a large runed translucent door.
 13534 | Gauntlet | Found a large runed translucent door.
 13534 | Gauntlet | Found a large runed translucent door.
 13534 | Gauntlet | Found a large runed translucent door.
 13534 | Gauntlet | Found a large runed translucent door.
 13534 | Gauntlet | Found a large runed translucent door.
 13535 | Gauntlet | Found a large runed translucent door.
 13535 | Gauntlet | Found a large runed translucent door.
 13536 | Gauntlet | Found a large runed translucent door.
 13536 | Gauntlet | Found a large runed translucent door.
 13536 | Gauntlet | Found a large runed translucent door.
 13536 | Gauntlet | Found a large runed translucent door.
 13545 | Gauntlet | Found a transporter.
 13560 | Gauntlet | Found a transporter.
 13565 | Gauntlet | Found a transporter.
 13590 | Gauntlet | Found a transporter.
 13599 | Gauntlet | Found a transporter.
 13611 | Gauntlet | Found a transporter.
 13622 | Gauntlet | Noticed a green death
 13623 | Gauntlet | Found a transporter.
 13635 | Gauntlet | Found a transporter.
 13643 | Gauntlet | Noticed a blizzard demon
 13647 | Gauntlet | Found a transporter.
 13666 | Gauntlet | Found a transporter.
 13681 | Gauntlet | Found a transporter.
 13683 | Gauntlet | Found a transporter.
 13706 | Gauntlet | Found a runed translucent gate.
 13706 | Gauntlet | Found a runed translucent gate.
 13706 | Gauntlet | Found a runed translucent gate.
 13708 | Gauntlet | Found a transporter.
 13710 | Gauntlet | Found a transporter.
 13730 | Gauntlet | Found a transporter.
 13808 | Gauntlet | Found a transporter.
 13828 | Gauntlet | Found a transporter.
 13971 | Gauntlet | Acquired the ring of Sophism {rPois Slay+4}
 14118 | Gauntlet | Received a gift from Trog
 14217 | Gauntlet | Identified the +6 falchion of the Writhing Oracle {venom,
                  | Will++ Str+2}
 14217 | Gauntlet | Identified the +0 acid dragon scales "Fiuzuv" {rElec rPois
                  | rN+ rCorr Int-2}
 14217 | Gauntlet | Noticed a minotaur
 14221 | Gauntlet | Killed a minotaur
 14230 | Gauntlet | Identified the +2 battleaxe "Jick" {pain, rN+ Will- Str+3}
 14393 | Lair:3   | Reached skill level 17 in Axes
 15314 | Lair:4   | Found a frozen archway.
 15432 | IceCv    | Entered an ice cave
 15601 | IceCv    | Noticed a reaper
 15610 | IceCv    | Killed a reaper
 15611 | IceCv    | Reached skill level 18 in Axes
 15617 | IceCv    | Received a gift from Trog
 16193 | Lair:4   | Found a staircase to the Slime Pits.
 16201 | Lair:4   | Reached skill level 15 in Fighting
 16427 | Lair:4   | Reached XP level 14. HP: 135/135 MP: 13/13
 16755 | Lair:5   | Entered Level 5 of the Lair of Beasts
 16773 | Lair:5   | Reached skill level 10 in Shields
 17058 | Lair:5   | Reached skill level 19 in Axes
 17524 | Lair:5   | Reached skill level 15 in Armour
 18260 | Orc:1    | Entered Level 1 of the Orcish Mines
 18269 | Orc:1    | Received a gift from Trog
 18369 | Orc:1    | Noticed Jeffwins's ghost (journeyman OnMo)
 18388 | Orc:1    | Found a transporter.
 18406 | Orc:1    | Killed Jeffwins's ghost
 18446 | Orc:1    | Found a transporter.
 19112 | Orc:2    | Entered Level 2 of the Orcish Mines
 19136 | Orc:2    | Reached XP level 15. HP: 146/146 MP: 14/14
 19173 | Orc:1    | Reached skill level 20 in Axes
 19272 | Orc:2    | Found a staircase to the Elven Halls.
 19325 | Orc:2    | Reached ****** piety under Trog
 19413 | Orc:2    | Received a gift from Trog
 19578 | Orc:2    | Found Amixum's Weapon Shoppe.
 19578 | Orc:2    | Found Hior's Weapon Boutique.
 19579 | Orc:2    | Found Exkotioss's Magic Scroll Shop.
 19579 | Orc:2    | Found Agguluph's Distillery.
 19590 | Orc:2    | Bought a scroll of identify for 24 gold pieces
 19590 | Orc:2    | Bought a scroll of enchant armour for 90 gold pieces
 19590 | Orc:2    | Bought a scroll of identify for 24 gold pieces
 19590 | Orc:2    | Bought a scroll of enchant armour for 90 gold pieces
 19721 | Elf:1    | Entered Level 1 of the Elven Halls
 21253 | D:14     | Reached XP level 16. HP: 159/159 MP: 15/15
 21382 | D:14     | Received a gift from Trog
 21410 | D:14     | Noticed Azrael
 21432 | D:14     | Killed Azrael
 21527 | D:14     | Noticed Frances
 21593 | D:14     | Found a gate to the Vaults.
 21627 | D:14     | Killed Frances
 22157 | D:15     | Entered Level 15 of the Dungeon
 22194 | D:15     | Noticed Louise
 22214 | D:15     | Killed Louise
 22274 | D:15     | Found an opulent altar of Gozag.
 22284 | D:15     | Found a staircase to the Depths.
 22464 | D:15     | Reached XP level 17. HP: 162/168 MP: 16/16
 22538 | D:15     | Identified the +8 halberd of the Solstice {antimagic, rN+
                  | Will+ Str-4 Int+3}
 22865 | Swamp:1  | Entered Level 1 of the Swamp
 23018 | Swamp:1  | Received a gift from Trog
 23147 | Swamp:1  | Found the +5 moon troll leather armour {Spirit, Regen++
                  | MP+5}
 23715 | Swamp:2  | Identified the +5 whip "Gaebeipi" {freeze, rF- rCorr Int+4}
 23745 | Swamp:2  | Reached skill level 21 in Axes
 24200 | Swamp:3  | Reached skill level 15 in Shields
 24516 | Swamp:3  | Found a runed translucent gate.
 24516 | Swamp:3  | Found a runed translucent gate.
 24516 | Swamp:3  | Found a runed translucent gate.
 24517 | Swamp:3  | Noticed Vudadgh's ghost (adept HuWr)
 24540 | Swamp:3  | Killed Vudadgh's ghost
 24545 | Swamp:3  | Identified the +7 quarterstaff "Tomyr" {freeze, *Rage rC+
                  | Dex+4}
 24703 | Swamp:4  | Entered Level 4 of the Swamp
 24818 | Swamp:4  | Received a gift from Trog
 24966 | Swamp:4  | Noticed the 27-headed Lernaean hydra
 24980 | Swamp:4  | Killed the 22-headed Lernaean hydra
 24981 | Swamp:4  | Reached XP level 18. HP: 180/180 MP: 17/17
 25105 | Swamp:4  | Got a decaying rune of Zot
 25743 | Snake:1  | Entered Level 1 of the Snake Pit
 26106 | Snake:1  | Received a gift from Trog
 26583 | Snake:2  | Found a runed translucent door.
 26587 | Snake:2  | Noticed Ucayha's ghost (adept GrAl)
 26645 | Snake:2  | Killed Ucayha's ghost
 26866 | Snake:2  | Found Ananiun's Antique Weapon Emporium.
 26972 | Snake:2  | Reached skill level 22 in Axes
 27007 | Snake:2  | Found Tuvim's Antique Weapon Shop.
 27024 | Snake:2  | Bought a glowing broad axe for 203 gold pieces
 27124 | Snake:3  | Noticed Vashnia
 27139 | Snake:3  | Killed Vashnia
 27611 | Snake:3  | Received a gift from Trog
 28174 | Snake:4  | Entered Level 4 of the Snake Pit
 28591 | Snake:4  | Reached XP level 19. HP: 191/191 MP: 18/18
 28651 | Snake:4  | Received a gift from Trog
 28651 | Snake:4  | Found the +8 mithril axe "Arga" {speed, Will+}
 28693 | Snake:4  | HP: 9/191 [poisoned by a sea snake]
 28884 | Snake:4  | Identified the +6 arbalest of Discretion {elec, rPois
                  | Stlth+}
 28982 | Snake:4  | Got a serpentine rune of Zot
 29052 | Snake:4  | Found a hazy altar of Hepliaklqana.
 29652 | Elf:1    | Reached skill level 23 in Axes
 29768 | Elf:1    | Received a gift from Trog
 29961 | Elf:1    | Paralysed by an air elemental for 1 turns
 30375 | Elf:2    | Paralysed by an air elemental for 1 turns
 30466 | Elf:2    | Paralysed by an air elemental for 1 turns
 30517 | Elf:2    | Paralysed by an air elemental for 1 turns
 30776 | Elf:2    | Received a gift from Trog
 31044 | Elf:2    | Found a runed translucent gate.
 31044 | Elf:2    | Found a runed translucent gate.
 31044 | Elf:2    | Found a runed translucent gate.
 31162 | Elf:2    | Reached XP level 20. HP: 138/204 MP: 19/19
 31627 | Elf:3    | Entered Level 3 of the Elven Halls
 31758 | Elf:3    | Found Wankukk's Antique Armour Shoppe.
 32008 | Elf:3    | Received a gift from Trog
 32105 | Elf:3    | Reached skill level 24 in Axes
 32213 | Elf:3    | Found the brooch of Shielding {Spirit SH+8}
 32273 | Elf:3    | Received a gift from Trog
 32273 | Elf:3    | Identified the +1 dagger of Famine {holy, ^Contam rF+ Will+
                  | Str+4}
 32490 | Elf:3    | Identified the ring of the Middle {rElec rPois Str-3 Int+4}
 33095 | Slime:1  | Entered Level 1 of the Pits of Slime
 33096 | Slime:1  | Upgraded the game from 0.31.0-9-g3a7656b989 to
                  | 0.31.0-10-gcf4a605ca0
 33771 | Slime:4  | Received a gift from Trog
 34158 | Slime:5  | Entered Level 5 of the Pits of Slime
 34251 | Slime:5  | Found a viscous altar of Jiyva.
 34252 | Slime:5  | Noticed the Royal Jelly
 34254 | Slime:5  | Found the macabre finger necklace {Finger+ rN+}
 34273 | Slime:5  | Killed the Royal Jelly
 34274 | Slime:5  | Reached skill level 25 in Axes
 34274 | Slime:5  | Reached XP level 21. HP: 215/215 MP: 13/20
 34292 | Slime:5  | HP: 16/322 [azure jelly[the Royal Jelly] (2)]
 34292 | Slime:5  | HP: 3/322 [azure jelly[the Royal Jelly] (13)]
 34292 | Slime:5  | Slain by an azure jelly

Illustrated notes

Levels and vault maps discovered:
D:1:      minmay_arrival_stone_box, layout_rooms, serial_shops,
          nicolae_shop_hallway_plus, roderic_serpentine_path
D:2:      layout_loops_cross, uniq_jessica
D:3:      layout_basic, nicolae_overflow_crystal_walls,
          mainiacjoe_overflow_24_doors, hangedman_decor_clover_reticule
D:4:      layout_cave_pools, serial_shops, nicolae_shop_tiny_real_fake_doors,
          uniq_blork_the_orc
D:5:      layout_rooms, xom_teletrap_fun, mainiacjoe_overflow_small_starburst,
          serial_aquarium, aquarium_bridge_square [aquarium_subvault_bridge,
          aquarium_subvault_balcony, aquarium_subvault_wall,
          aquarium_subvault_bridge], aquarium_window_fake, aquarium_window_2,
          aquarium_view_2e, aquarium_view_2b, aquarium_balcony_1b, serial_shops,
          shop_fountains
D:6:      minmay_general_purpose_star, layout_basic,
          minmay_temple_entry_statues_pillars
D:7:      layout_basic, uniq_crazy_yiuf_cottage
D:8:      layout_loops_corners, chei_slow_surprise
D:9:      layout_irregular_city, grunt_temple_overflow_open, uniq_jeremiah
D:10:     layout_basic
D:11:     layout_loops_ring, david_lair_generic, orc_david_3,
          nicolae_trove_entry_crossroad, minmay_misc_feat_diagonals
D:12:     layout_cave_pods, kennysheep_path_1
D:13:     layout_basic, evilmike_minifort
D:14:     layout_loops_ring, grunt_vaults_entry_fortified, uniq_frances,
          uniq_azrael
D:15:     grunt_enter_depths_giant_problem, layout_cave_pools,
          nicolae_gozag_seed_capital, minivault_11, uniq_louise
Lair:1:   layout_regular_city, serial_bayou_shore_a
Lair:2:   layout_gridlike, enter_volcano_2, grunt_megastairs_2, uniq_fannar,
          uniq_erica
Lair:3:   layout_regular_city, minmay_swamp_entry_reptiles, dummy_snake_entry,
          gauntlet_entry_generic, serial_bayou_pond_d, roderic_batcave,
          nicolae_lair_lakeside_cave
Lair:4:   layout_regular_city, minmay_slime_entry_oklob_open,
          portal_ice_cave_entry_ice_simulacra, cheibrodos_lair_caveside_slide,
          bh_autumn_forest_stairs, beast_lair_carwin_5, grunt_megastairs_5,
          serial_bayou_shore_b
Lair:5:   due_jungle_book, layout_concentric_octagons, serial_bayou_shore_b,
          grunt_megastairs_1
Swamp:1:  layout_basic_swamp, evilmike_swamp_ruin_house_6, swamp_pool_1_2,
          nicolae_swamp_snake_nest
Swamp:2:  layout_basic_swamp, evilmike_swamp_ruin_house_3, swamp_pool_1_2
Swamp:3:  layout_basic_swamp, ebering_ghost_rock_garden,
          evilmike_swamp_ruin_house_4, swamp_pool_1_2
Swamp:4:  swamp_old_school, layout_basic_swamp
Snake:1:  layout_basic
Snake:2:  layout_rooms, hellmonk_ghost_happy_afterlife,
          nicolae_wooded_promenade, lemuel_fruit_tree
Snake:3:  layout_cave_town, uniq_vashnia
Snake:4:  grunt_snake_rune_pools, layout_onion, basic_altar, st_stairs_10
Slime:1:  layout_caves, cheibrodos_slime_lost_civilization_6
Slime:2:  nicolae_slime_infinislime, layout_caves, uniq_dissolution
Slime:3:  layout_caves
Slime:4:  layout_caves, cheibrodos_slime_lost_civilization_5
Slime:5:  slime_pit
Orc:1:    layout_caves, basic_altar, gammafunk_ghost_berserking_beasts,
          nicolae_orc_found_a_spring, nicolae_orc_takin'_care_of_business
Orc:2:    st_orc_ogre_mass, layout_caves
Elf:1:    eino_elf_arrival_the_gate, layout_loops_ring,
          hangedman_elven_crosses_minicolossus, small_chamber_with_monster,
          serial_library_hellmonk_open_cross
Elf:2:    nicolae_elf_blades_splatter_lattice
          [nicolae_blade_entry_area_security], layout_rooms
Elf:3:    minmay_elf_hall_spiked, layout_geoelf_octagon, serial_shops,
          nicolae_shop_pleasant_corner_grove

Skill      XL: |  1  2  3  4  5  6  7  8  9 10 11 12 13 14 15 16 17 18 19 20 |
---------------+-------------------------------------------------------------+-----
Fighting       | 4 5 6 7 8 10 11 13 15 16 18 19 20 21 23 24 | 24.6
Axes           | 4 5 6 7 8 10 12 13 15 16 18 19 20 21 22 23 25 | 25.0
Armour         | 3 4 6 8 9 11 13 14 15 16 17 18 | 18.4
Dodging        | 3 4 |  4.2
Shields        | 1 3 4 6 7 8 9 11 12 13 16 18 20 21 | 21.6

Action                     |  1- 3 |  4- 6 |  7- 9 | 10-12 | 13-15 | 16-18 | 19-21 || total
---------------------------+-------+-------+-------+-------+-------+-------+-------++-------
  Melee: Hand axe          |    53 |    89 |       |       |       |       |       ||   142
         Headbutt          |     9 |    16 |    31 |    87 |   172 |   217 |   211 ||   743
         Punch             |     1 |     1 |       |       |       |       |       ||     2
         War axe           |       |    16 |   184 |   410 |    26 |       |       ||   636
         Broad axe         |       |       |       |       |   590 |   877 |   722 ||  2189
 Invoke: Berserk           |     2 |     1 |     4 |     9 |    11 |     7 |    13 ||    47
         Trog's Hand       |       |       |     1 |       |       |       |       ||     1
         Brothers in Arms  |       |       |       |       |     1 |     1 |     2 ||     4
    Use: Scroll            |       |     2 |     8 |    12 |    17 |     4 |     6 ||    49
         Potion            |       |       |       |     2 |     2 |       |       ||     4
   Stab: Sleeping          |       |     2 |       |       |       |       |       ||     2
         Distracted        |       |       |       |       |       |     3 |       ||     3
 Armour: Animal skin       |    35 |    19 |       |       |       |       |       ||    54
         Scale mail        |       |    14 |       |       |       |       |       ||    14
         Chain mail        |       |    19 |    51 |       |       |       |       ||    70
         Plate armour      |       |       |   148 |   421 |   230 |       |       ||   799
         Crystal plate arm |       |       |       |       |   389 |   709 |   350 ||  1448
  Dodge: Dodged            |    38 |    60 |    90 |   152 |   186 |   295 |   133 ||   954
  Block: Buckler           |       |       |    38 |   102 |   172 |    46 |       ||   358
         Tower shield      |       |       |       |       |       |   948 |   621 ||  1569
         Kite shield       |       |       |       |       |       |    26 |       ||    26
